Map: [ESL] Data-C

Players

Neeb - Winner!

  • Race: Protoss Protoss
  • League: Master
  • Spawn Location: 9:00

Serral

  • Race: Zerg Zerg
  • Spawn Location: 3:00

Event: HomeStory Cup XXI

VOD

Have the link to the VOD?

Description

Time

  • Played on: July 24, 2022, 8:58 a.m.
  • Length: 11:48

All games in this series

Show
View Real Time Build Order
Export as new Build Order

Neeb Protoss - Winner!

Build Orders: 1 Gate Expand, Oracle Opening, Zealot Archon, Archon Drop 

Get SALT Encoding   

  12  0:00  Probe  
  13  0:12  Probe  
  14  0:17  Pylon  
  14  0:24  Probe (Chrono Boost)  
  15  0:36  Probe (Chrono Boost)  
  15  0:38  Gateway  
  16  0:45  Probe (Chrono Boost)  
  16  0:46  Assimilator  
  17  0:51  Probe  
  18  1:03  Probe  
  19  1:15  Probe  
  20  1:24  Nexus  
  20  1:33  Cybernetics Core  
  20  1:36  Probe  
  21  1:41  Assimilator  
  21  1:48  Probe  
  21  1:51  Pylon  
  22  2:01  Probe (Chrono Boost)  
  23  2:09  Adept  
  23  2:10  Probe (Chrono Boost)  
  23  2:15  Probe (Chrono Boost)  
  26  2:19  Stargate  
  27  2:27  Probe (Chrono Boost)  
  27  2:29  Warp Gate  
  28  2:35  Probe (Chrono Boost)  
  30  2:38  Probe (Chrono Boost)  
  30  2:39  Adept  
  34  2:45  Probe (Chrono Boost)  
  34  2:46  Probe (Chrono Boost)  
  34  2:50  Probe (Chrono Boost)  
  34  2:53  Probe  
  36  3:02  Probe  
  36  3:03  Oracle (Chrono Boost)  
  40  3:05  Probe  
  40  3:08  Pylon  
  43  3:14  Probe  
  43  3:18  Probe  
  45  3:26  Probe  
  44  3:28  Nexus  
  44  3:30  Probe  
  44  3:34  Oracle (Chrono Boost)  
  45  3:35  Pylon  
  45  3:40  Probe  
  49  3:42  Probe  
  50  3:48  Assimilator  
  50  3:52  Probe, Assimilator  
  50  3:54  Pylon  
  51  3:57  Probe  
  52  4:04  Probe  
  52  4:05  Forge  
  52  4:07  Twilight Council  
  52  4:09  Probe  
  54  4:16  Stalker, Probe  
  57  4:20  Robotics Facility  
  57  4:21  Probe  
  58  4:28  Probe  
  59  4:33  Charge, Probe  
  59  4:35  Protoss Ground Weapons Level 1 (Chrono Boost)  
  60  4:40  Probe  
  60  4:41  Probe  
  60  4:45  Gateway  
  62  4:47  Probe  
  62  4:48  Gateway  
  62  4:49  Shield Battery  
  63  4:54  Probe  
  63  4:59  Probe, Gateway  
  65  5:03  Probe  
  65  5:06  Warp Prism (Chrono Boost)  
  66  5:07  Templar Archives  
  66  5:11  Probe  
  66  5:12  Probe  
  70  5:15  Probe  
  70  5:20  Gateway  
  71  5:21  Gateway  
  71  5:23  Probe  
  71  5:25  Probe  
  71  5:27  Adept  
  75  5:32  Pylon  
  75  5:33  Probe  
  76  5:39  Probe  
  76  5:40  Probe  
  76  5:41  Pylon  
  78  5:49  Pylon  
  78  5:51  Assimilator  
  78  5:53  Assimilator  
  78  5:54  High Templar x4  
  78  5:55  Probe x2  
  88  5:59  Archon x2  
  88  6:04  Nexus  
  88  6:06  Pylon  
  88  6:07  Probe x2  
  88  6:08  Probe  
  91  6:14  Robotics Bay  
  91  6:22  Zealot x2  
  95  6:26  Zealot x2  
  95  6:28  Zealot x2  
  103  6:34  Probe x2  
  105  6:40  Blink  
  105  6:43  Probe, Protoss Ground Weapons Level 2 (Chrono Boost)  
  96  6:48  Probe  
  96  6:49  Zealot x6  
  96  6:51  Shield Battery  
  107  6:54  Photon Cannon  
  107  6:55  Probe  
  107  6:56  Probe  
  107  7:00  Disruptor (Chrono Boost)  
  112  7:06  Gateway  
  112  7:08  Gateway  
  112  7:09  Probe, Gateway  
  112  7:11  Sentry x2  
  112  7:14  Pylon  
  112  7:15  Pylon  
  117  7:16  Probe  
  118  7:23  Probe x2  
  118  7:29  Pylon  
  120  7:32  Disruptor (Chrono Boost), Photon Cannon  
  120  7:33  Probe  
  120  7:35  Probe  
  125  7:38  Probe x2, Assimilator  
  125  7:39  Assimilator  
  127  7:44  High Templar x3  
  127  7:45  High Templar  
  127  7:51  Pylon x2, Archon  
  135  7:54  Probe  
  135  7:55  Probe x2  
  135  7:56  Probe  
  135  7:57  Archon  
  139  8:00  Disruptor (Chrono Boost)  
  142  8:05  Gateway  
  142  8:08  Nexus, Gateway  
  142  8:10  Pylon, Gateway  
  142  8:13  High Templar x2  
  142  8:15  Pylon  
  146  8:20  Pylon, Archon  
  146  8:29  Disruptor  
  149  8:38  Stalker x7  
  161  8:41  Photon Cannon  
  161  8:47  Shield Battery  
  161  8:48  Zealot x2  
  164  9:03  Gateway  
  164  9:06  Nexus, High Templar x3  
  164  9:07  Shield Battery, High Templar, Zealot x5  
  164  9:08  Zealot x2  
  189  9:11  Archon  
  189  9:12  Warp Prism (Chrono Boost)  
  189  9:13  Archon  
  188  9:18  Photon Cannon  
  188  9:22  Photon Cannon  
  188  9:23  Shield Battery  
  188  9:34  High Templar x4, Assimilator  
  196  9:38  Pylon, Assimilator  
  196  9:39  Archon x2  
  196  9:43  Photon Cannon x2  
  196  9:57  Observer (Chrono Boost)  
  166  10:10  Zealot x9  
  166  10:11  Zealot  
  166  10:13  Observer (Chrono Boost)  
  183  10:27  High Templar  
  185  10:31  High Templar x5  
  185  10:32  Zealot x5  
  189  10:36  Archon x2  
  189  10:37  Archon  
  189  10:38  Observer  
  186  10:49  Probe  
  187  10:55  Fleet Beacon  
  187  10:56  Stargate, Zealot x5  
  197  10:58  Stargate  
  197  11:19  Stalker  
  197  11:25  Stalker x10  
  175  11:37  Nexus  
Show
View Real Time Build Order
Export as new Build Order

Serral Zerg 

Build Orders: Hatch First 

Get SALT Encoding   

  12  0:00  Drone  
  13  0:12  Overlord  
  13  0:16  Drone  
  14  0:30  Drone x2  
  16  0:49  Hatchery  
  15  0:51  Drone  
  15  0:55  Drone  
  17  0:59  Drone  
  18  1:09  Extractor  
  17  1:14  Spawning Pool  
  17  1:18  Drone  
  17  1:21  Drone  
  18  1:29  Drone  
  19  1:38  Drone  
  20  1:50  Overlord  
  20  2:01  Queen x2  
  24  2:02  Zergling x4  
  26  2:10  Drone  
  26  2:12  Drone  
  26  2:14  Metabolic Boost  
  28  2:21  Drone  
  28  2:22  Drone  
  30  2:35  Hatchery  
  29  2:39  Drone  
  29  2:41  Drone  
  31  2:46  Queen  
  31  2:50  Overlord  
  33  2:53  Drone  
  33  2:56  Drone  
  33  2:58  Drone  
  36  3:04  Overlord  
  36  3:08  Queen  
  36  3:11  Drone  
  39  3:15  Drone x2  
  39  3:16  Drone  
  39  3:18  Drone  
  43  3:24  Queen  
  45  3:27  Drone x2  
  47  3:36  Overlord  
  47  3:40  Overlord, Drone  
  48  3:43  Drone  
  48  3:47  Zergling x2  
  48  3:48  Queen, Zergling x2  
  51  3:53  Drone  
  54  3:55  Spore Crawler  
  54  3:57  Spore Crawler, Drone x2  
  54  3:59  Drone  
  55  4:03  Drone  
  55  4:04  Evolution Chamber  
  55  4:08  Drone x2  
  55  4:09  Drone  
  58  4:13  Queen  
  60  4:17  Overlord  
  60  4:18  Drone  
  60  4:20  Drone  
  60  4:21  Zergling x2  
  60  4:23  Overlord  
  63  4:25  Drone  
  63  4:30  Spore Crawler  
  63  4:31  Spore Crawler  
  61  4:33  Zerg Melee Weapons Level 1  
  61  4:35  Drone x4  
  61  4:39  Drone x2  
  61  4:43  Drone x2  
  61  4:44  Drone  
  66  4:48  Drone x2  
  66  4:49  Drone  
  66  4:50  Drone  
  66  4:52  Drone  
  71  4:53  Drone  
  71  4:57  Extractor  
  71  5:00  Drone x3  
  71  5:06  Hatchery  
  72  5:08  Drone  
  72  5:11  Drone x3  
  72  5:14  Drone x2  
  78  5:18  Extractor, Lair  
  77  5:22  Roach Warren  
  77  5:23  Drone x2  
  77  5:24  Drone  
  77  5:27  Drone  
  80  5:30  Overlord x2  
  80  5:32  Overlord  
  80  5:39  Extractor  
  80  5:40  Zergling x6  
  82  5:48  Queen, Overlord  
  82  5:49  Zergling x6  
  90  5:50  Zergling x6  
  90  5:58  Zergling x8  
  90  6:00  Baneling Nest  
  90  6:01  Drone x2  
  93  6:06  Drone  
  93  6:07  Drone x2  
  93  6:08  Drone  
  93  6:09  Drone x3  
  93  6:11  Drone  
  101  6:13  Drone  
  102  6:19  Drone x5  
  102  6:23  Drone x4  
  110  6:26  Glial Reconstitution  
  110  6:30  Zerg Melee Weapons Level 2  
  110  6:32  Roach x2  
  113  6:33  Roach  
  113  6:45  Roach x6  
  109  6:49  Roach  
  109  6:50  Roach  
  112  6:55  Centrifugal Hooks  
  112  6:59  Drone x4  
  112  7:00  Drone  
  117  7:05  Drone x3  
  117  7:06  Infestation Pit  
  119  7:10  Overlord  
  119  7:12  Zergling x2  
  119  7:13  Overlord x5  
  120  7:16  Overlord  
  120  7:27  Hatchery  
  120  7:28  Drone, Extractor  
  120  7:29  Drone  
  120  7:30  Drone x3  
  120  7:31  Roach x4  
  120  7:35  Roach x2  
  120  7:36  Roach x2  
  138  7:39  Zergling x4  
  140  7:44  Extractor  
  140  7:45  Spire, Drone x3  
  140  7:46  Drone x2  
  140  7:47  Drone, Extractor  
  140  7:49  Zergling x4  
  140  7:50  Zergling x2  
  146  7:55  Hive  
  146  7:57  Drone  
  147  7:58  Drone x2, Extractor  
  147  7:59  Drone  
  147  8:02  Drone, Zergling x4  
  147  8:04  Zergling x2  
  153  8:09  Zergling x10  
  158  8:13  Overlord  
  158  8:16  Zergling x12  
  163  8:24  Zergling x2  
  163  8:25  Zergling x10  
  169  8:30  Overlord  
  169  8:34  Drone, Zergling x4  
  170  8:35  Evolution Chamber  
  168  8:44  Drone x3  
  168  8:46  Zerg Missile Weapons Level 1  
  168  8:49  Zergling x22  
  168  8:50  Zergling x4  
  177  9:02  Corruptor x3  
  178  9:05  Ravager x3  
  178  9:08  Adrenal Glands, Greater Spire  
  183  9:14  Zergling x22  
  194  9:17  Baneling x5  
  194  9:19  Overseer  
  194  9:20  Hatchery  
  192  9:32  Baneling x5  
  192  9:38  Zergling x2  
  192  9:39  Zergling x10  
  197  9:50  Spore Crawler  
  197  9:51  Overlord  
  197  9:52  Spine Crawler x2, Overlord x2  
  185  10:05  Zergling x18  
  185  10:06  Zergling x28  
  173  10:08  Zergling x12  
  173  10:11  Baneling  
  173  10:12  Baneling x3  
  175  10:15  Zergling x2  
  175  10:16  Zergling x10  
  181  10:25  Zergling x10  
  173  10:32  Brood Lord x3  
  173  10:34  Zergling x14  
  180  10:38  Zergling x14  
  180  10:42  Corruptor  
  186  10:48  Corruptor x2  
  192  10:51  Baneling x6  
  192  10:57  Corruptor x2  
  195  11:11  Baneling x13  
  195  11:13  Brood Lord, Corruptor x4  
  195  11:17  Hatchery  
  168  11:27  Roach  
  168  11:28  Roach x4, Zergling x2  
Tags
 
Add a new tag
Caveats
  • Supply blocks, unpowered buildings, or Contaminate may cause inaccurate times.
  • Supply counts are checked every 10 seconds.